 Dungeon Crawl Stone Soup version 0.32-a0-893-gf85d74f (webtiles) character file.

Game seed: 15960565918770121266

610224 ooops the Swordmaster (level 27, -8/214 (224) HPs)
             Began as a Coglin Gladiator on Apr 3, 2024.
             Was the Champion of Wu Jian.
             Killed by an exploding ball lightning (26 damage)
             ... on level 2 of the Depths.
             The game lasted 04:04:46 (53607 turns).

ooops the Swordmaster (Coglin Gladiator)           Turns: 53607, Time: 04:04:47

HP:   -8/214 (224)  AC: 57    Str: 16    XL:     27
MP:   14/14         EV: 21    Int: 10    God:    Wu Jian [******]
Gold: 5213          SH:  0    Dex: 24    Spells: 26/26 levels left

rFire   + + .        E - +11 Singing Sword {sonic wave}
rCold   + . .        U - +9 double sword (flame) {Gilbert}
rNeg    . . .        l - +14 crystal plate armour "Hyutuca" {rPois rF+ Regen+}
rPois   +            r - +2 hat of Altruism {Int+2}
rElec   +            h - scarf "Efimaepeaxt" {repulsion, +Blink Regen+}
rCorr   +            w - +2 pair of gloves {hurl}
SInv    .            z - +3 pair of boots of Cuhiog {rElec rPois rCorr MP-9}
Will    +++..        (amulet unavailable) Stlth
                     (ring unavailable)
HPRegen 2.15/turn    (ring unavailable)
MPRegen 0.14/turn    V - secondary neoscope {Rampage Acrobat Will+ Slay+3}

%: repel missiles, acrobat, rampage
@: about to teleport, resistant, acrobatic, studying 3 skills, lightly drained
A: off-hand wielding, slow wielding, warmup strikes, no jewellery, iridescent
scales 1, clumsy 1, dopey 1, frail 1, sense surroundings 1, screaming 1, wild
magic 1
0: Orb of Zot
}: 3/15 runes: serpentine, barnacled, silver
a: Renounce Religion, Evoke Blink, Wall Jump, Serpent's Lash, Heavenly Storm


You were on level 2 of the Depths.
You worshipped Wu Jian.
Wu Jian was exalted by your worship.
You visited 10 branches of the dungeon, and saw 48 of its levels.
You visited the Abyss 1 time.
You visited 1 bazaar.
You also visited: Gauntlet, Ice Cave and Wizlab.

You collected 8365 gold pieces.
You spent 3152 gold pieces at shops.

Inventory:

Hand Weapons
 E - the +11 Singing Sword (weapon) {sonic wave}
   (You bought it in a shop on level 5 of the Dungeon)
 L - a +5 dagger of draining
 M - a +7 quick blade of distortion
 U - a +9 double sword of flaming (offhand) {Gilbert}
 Y - the +8 longbow "Zephyr" {speed, Dex+3 SInv}
   (You found it on level 4 of the Lair of Beasts)

   Dex+3:     It affects your dexterity (+3).
   SInv:      It lets you see invisible.
 Z - the +7 short sword of Painful Death {antimagic, rN+++ rCorr Str-5 Int+5}
   (You found it on level 3 of the Snake Pit)

   Str-5:     It affects your strength (-5).
   Int+5:     It affects your intelligence (+5).
   rN+++:     It renders you almost immune to negative energy.
   rCorr:     It protects you from acid and corrosion.
Missiles
 d - 12 throwing nets
 e - 14 javelins
 m - 11 silver javelins
 u - 44 poisoned darts (quivered)
 B - 5 atropa-tipped darts
 N - 11 curare-tipped darts
Armour
 a - a +2 cloak of willpower
 h - the scarf "Efimaepeaxt" (worn) {repulsion, +Blink Regen+}
   (You acquired it on level 9 of the Dungeon)

   +Blink:    It lets you blink.
   Regen+:    It increases your rate of health regeneration.
 l - the +14 crystal plate armour "Hyutuca" (worn) {rPois rF+ Regen+}
   (You acquired it on level 8 of the Dungeon)

   rF+:       It protects you from fire.
   rPois:     It protects you from poison.
   Regen+:    It increases your rate of health regeneration.
 r - the +2 hat of Altruism (worn) {Int+2}
   (You found it on level 2 of the Dungeon)

   Int+2:     It affects your intelligence (+2).
 w - a +2 pair of gloves of hurling (worn)
 y - the +1 scale mail "Egug" {Fly rC+ Dex+2 Stlth+}
   (You found it on level 3 of the Elven Halls)

   Dex+2:     It affects your dexterity (+2).
   rC+:       It protects you from cold.
   Fly:       It grants you flight.
   Stlth+:    It makes you more stealthy.
 z - the +3 pair of boots of Cuhiog (worn) {rElec rPois rCorr MP-9}
   (You found it on level 3 of the Elven Halls)

   rElec:     It insulates you from electricity.
   rPois:     It protects you from poison.
   MP-9:      It affects your magic capacity (-9).
   rCorr:     It protects you from acid and corrosion.
 A - a +1 helmet
 H - a +0 kite shield of reflection
Gizmo
 V - a secondary neoscope (installed) {Rampage Acrobat Will+ Slay+3}
   (You invented it yourself on level 3 of the Lair of Beasts)

   [secondary neoscope]

   Slay+3:    It affects your accuracy & damage with ranged weapons and melee
   (+3).
   Will+:     It increases your willpower.
   Rampage:   It bestows one free step when moving towards enemies.
   Acrobat:   It increases your evasion after moving or waiting.
Wands
 b - a wand of quicksilver (34)
 c - a wand of paralysis (64)
 F - a wand of roots (92)
 P - a wand of digging (19)
 T - a wand of polymorph (36)
 X - a wand of mindburst (37)
Scrolls
 i - 29 scrolls of teleportation
 j - 9 scrolls of poison
 n - 14 scrolls of fear
 o - 4 scrolls of blinking
 t - 13 scrolls of fog
 G - 7 scrolls of enchant armour
 J - 4 scrolls of brand weapon
 S - 5 scrolls of summoning
Potions
 f - 3 potions of resistance
 g - 24 potions of curing
 k - 5 potions of mutation
 p - 8 potions of lignification
 q - 6 potions of might
 v - 3 potions of enlightenment
 x - 6 potions of ambrosia
 D - 7 potions of haste
 I - 5 potions of cancellation
 K - 3 potions of berserk rage
 O - 11 potions of heal wounds
 R - 3 potions of invisibility
Miscellaneous
 s - a Gell's gravitambourine (2/2)
 C - a box of beasts
 Q - a phantom mirror
 W - a tin of tremorstones (2/2)


   Skills:
 O Level 27 Fighting
 * Level 12.7(20.3) Short Blades
 O Level 27 Long Blades
 + Level 3.2 Ranged Weapons
 + Level 4.1 Throwing
 + Level 25.4 Armour
 + Level 3.9 Dodging
 + Level 6.3 Stealth
 + Level 2.2 Evocations


You had 26 spell levels left.
You didn't know any spells.
Your spell library contained the following spells:

 Spells                   Type           Power      Damage    Failure   Level
 Foxfire                  Conj/Fire      0%         2x1d4     100%        1
 Freeze                   Ice            0%         1d3       100%        1
 Magic Dart               Conj           0%         1d3       100%        1
 Shock                    Conj/Air       0%         1d3       100%        1
 Sting                    Conj/Alch      0%         1d3       100%        1
 Blink                    Tloc           0%         N/A       100%        2
 Call Imp                 Summ           0%         N/A       100%        2
 Ensorcelled Hibernation  Hex/Ice        0%         N/A       100%        2
 Lesser Beckoning         Tloc           0%         N/A       100%        2
 Mercury Vapours          Alch/Air       0%         N/A       100%        2
 Momentum Strike          Conj/Tloc      0%         3d8       100%        2
 Scorch                   Fire           0%         2d5       100%        2
 Searing Ray              Conj           0%         2d4       100%        2
 Static Discharge         Conj/Air       0%         3-3/arc   100%        2
 Sublimation of Blood     Necr           0%         N/A       100%        2
 Dazzling Flash           Conj/Hex       0%         N/A       100%        3
 Frozen Ramparts          Ice            0%         1d1       100%        3
 Fugue of the Fallen      Necr           0%         N/A       100%        3
 Hailstorm                Conj/Ice       0%         3d5       100%        3
 Inner Flame              Hex/Fire       0%         N/A       100%        3
 Mephitic Cloud           Conj/Alch/Air  0%         N/A       100%        3
 Ozocubu's Armour         Ice            0%         N/A       100%        3
 Passwall                 Erth           0%         N/A       100%        3
 Sigil of Binding         Hex            0%         N/A       100%        3
 Stone Arrow              Conj/Erth      0%         3d7       100%        3
 Swiftness                Air            0%         N/A       100%        3
 Volatile Blastmotes      Fire/Tloc      0%         2d10      100%        3
 Airstrike                Air            0%         2d(0-16)  100%        4
 Anguish                  Hex/Necr       0%         N/A       100%        4
 Flame Wave               Conj/Fire      0%         2d4       100%        4
 Fulminant Prism          Conj/Alch      0%         3d5       100%        4
 Leda's Liquefaction      Alch/Erth      0%         N/A       100%        4
 Martyr's Knell           Necr/Summ      0%         N/A       100%        4
 Olgreb's Toxic Radiance  Alch           0%         N/A       100%        4
 Passage of Golubria      Tloc           0%         N/A       100%        4
 Petrify                  Alch/Erth      0%         N/A       100%        4
 Sticky Flame             Fire/Alch      0%         2d4       100%        4
 Summon Blazeheart Golem  Fire/Summ      0%         N/A       100%        4
 Summon Lightning Spire   Summ/Air       0%         N/A       100%        4
 Vhi's Electric Charge    Tloc/Air       0%         N/A       100%        4
 Curse of Agony           Necr           0%         N/A       100%        5
 Freezing Cloud           Conj/Ice/Air   0%         6-21      100%        5
 Irradiate                Conj/Alch      0%         3d11      100%        5
 Iskenderun's Battlesphe  Conj           0%         2d6       100%        5
 Lee's Rapid Deconstruct  Erth           0%         3d4*      100%        5
 Metabolic Englaciation   Hex/Ice        0%         N/A       100%        5
 Silence                  Hex/Air        0%         N/A       100%        5
 Summon Forest            Summ/Tloc      0%         N/A       100%        5
 Summon Mana Viper        Hex/Summ       0%         N/A       100%        5
 Bombard                  Conj/Erth      0%         9d1       100%        6
 Conjure Ball Lightning   Conj/Air       0%         3x3d6     100%        6
 Death Channel            Necr           0%         N/A       100%        6
 Permafrost Eruption      Ice/Erth       0%         2x4d1     100%        6
 Plasma Beam              Fire/Air       0%         2x1d10    100%        6
 Sculpt Simulacrum        Ice/Alch       0%         N/A       100%        6
 Starburst                Conj/Fire      0%         6d3       100%        6
 Summon Cactus Giant      Summ           0%         N/A       100%        6
 Malign Gateway           Summ/Tloc      0%         N/A       100%        7
 Manifold Assault         Tloc           0%         N/A       100%        7
 Monstrous Menagerie      Summ           0%         N/A       100%        7
 Orb of Destruction       Conj           0%         9d5       100%        7
 Ozocubu's Refrigeration  Ice            0%         4d7       100%        7
 Spellforged Servitor     Conj/Summ      0%         N/A       100%        7
 Summon Hydra             Summ           0%         N/A       100%        7
 Discord                  Hex            0%         N/A       100%        8
 Disjunction              Tloc           0%         N/A       100%        8
 Lehudib's Crystal Spear  Conj/Erth      0%         10d2      100%        8
 Maxwell's Capacitive Co  Air            0%         ∞         100%        8
 Summon Horrible Things   Summ           0%         N/A       100%        8
 Chain Lightning          Conj/Air       0%         N/A       100%        9
 Polar Vortex             Ice            0%         N/A       100%        9


Dungeon Overview and Level Annotations

Branches:
Dungeon (15/15)            Temple (1/1) D:4            Lair (5/5) D:11
 Shoals (4/4) Lair:2        Snake (4/4) Lair:2        Slime (0/5) Lair:4
    Orc (2/2) D:9             Elf (3/3) Orc:2        Vaults (5/5) D:13
 Depths (4/4) D:15            Zot (5/5) Depths:4      IceCv (visited)
 WizLab (visited)         Gauntlet (visited)
  Crypt: Vaults:2-3

Altars:
Ashenzari
Cheibriados
Dithmenos
Elyvilon
Fedhas
Gozag
Hepliaklqana
Kikubaaqudgha
Makhleb
Nemelex Xobeh
Okawaru
Qazlal
Ru
Sif Muna
Trog
Uskayaw
Vehumet
Wu Jian
Xom
Yredelemnul
Zin
The Shining One
Beogh
Lugonu

Shops:
D:4 *   D:5 ?*[[(   D:9 [(?[   D:13 (   Orc:2 *(=*   Elf:1 **[   Snake:4 =
Vaults:1 (   Vaults:2 [   Depths:3 :

Portals:
Hell: Depths:1 Depths:2 Depths:3 Depths:4
Abyss: Lair:5 Depths:1 Depths:2 Depths:3 Depths:4
Pandemonium: Depths:2
Ziggurat: Depths:1

Annotations:
Depths:3 1 runed translucent door


Innate Abilities, Weirdness & Mutations

You can wield a second weapon in your off-hand.
It takes a long time for you to wield or remove held weapons.
Your first few attacks do less damage.
You cannot equip rings or amulets.
You are partially covered in iridescent scales. (AC +2)
You are clumsy. (Dex -2)
You are dopey. (Int -2)
You are frail. (-10% HP)
You passively map a small area around you.
You occasionally shout uncontrollably at your foes.
Your spells are a little harder to cast, but a little more powerful.


Message History

The ball lightning explodes!
The blast of lightning engulfs you! You resist.
* * * LOW HITPOINT WARNING * * *
The blast of lightning engulfs the Tzitzimitl!
The Tzitzimitl resists.
The blast of lightning engulfs Zourotsu!!
Zourotsu resists.
The Tzitzimitl calls on the powers of darkness!
Your body is wracked with pain!
* * * LOW HITPOINT WARNING * * *
You feel much better.
Zourotsu gestures.
Zourotsu seems to speed up.
You feel protected. Zourotsu gestures at you.
The spray of metal splinters hits you but does no damage.
As you read the scroll of teleportation, it crumbles to dust.
You feel strangely unstable.
You feel the Orb delaying your translocation!
The Tzitzimitl gestures at you. The bolt of negative energy hits you!!
You feel drained.
* * * LOW HITPOINT WARNING * * *
As you read the scroll of fog, it dissolves into smoke.
Zourotsu misses you.
Zourotsu gestures.
The Tzitzimitl gestures at you.
The bolt of negative energy hits Zourotsu.
Zourotsu completely resists.
The bolt of negative energy is repelled. 3 ball lightnings come into view.
The ball lightning explodes!
The blast of lightning engulfs Zourotsu!
Zourotsu resists.
The blast of lightning engulfs the ball lightning.
The ball lightning completely resists.
The blast of lightning engulfs the Tzitzimitl!
The Tzitzimitl resists.
The blast of lightning engulfs the ball lightning.
The ball lightning completely resists.
The blast of lightning engulfs you!! You resist.
You die...

#≈≈............##~≈...###
#≈~...###.......#..≈..#..
#≈....#.#..###..#..≈..#..
###...#'#..#!#..#.....#.^
###........')#..#.....#..
#..........###.##..)..#..
#..####........##.....#..
#..#.)'...####..#.....#..
#..####.@.'..#..#..[(.#..
#...§§*§..####..#.....#..
#..§§§§&*.......#...[[#..
###§§1§§......###....)#..
#.#§§1##'##...# #....)#..
#.'§§§#)..#...# #....[)..
#.#...#().#...# #....[#..
###...#####...###...(.#[.
#...............#...)(#..


You could see Zourotsu (fast), a Tzitzimitl and 2 ball lightnings.

Vanquished Creatures
  Tiamat (Zot:4)
  2 ancient liches
  7 orbs of fire
  A dread lich (Zot:5)
  2 juggernauts (Depths:2)
  6 Killer Klowns (Zot:5)
  Vashnia (Snake:2)
  8 curse toes
  A caustic shrike (Depths:2)
  12 golden dragons
  Nikola (Snake:2)
  A bone dragon (Depths:4)
  A Tzitzimitl (Depths:2)
  5 electric golems
  A Cloud Mage (WizLab)
  Jorgrun (Snake:3)
  16 tentacled monstrosities
  27 Orb Guardians
  2 deep elf blademasters (Elf:3)
  5 liches
  A walking divine tome (Depths:2)
  6 titans
  6 sphinxes
  A walking frostbound tome (Depths:4)
  2 deep elf master archers (Elf:3)
  5 quicksilver dragons
  A kraken (Shoals:1)
  Polyphemus (Shoals:2)
  A tentacled starspawn (Abyss:1)
  An ancient champion (Elf:3)
  12 death cobs
  11 shadow dragons
  17 storm dragons
  6 tengu reavers
  Donald (Vaults:4)
  2 protean progenitors (Zot:2)
  Ilsuiw (Shoals:2)
  6 nagarajas
  Aizul (Snake:3)
  19 frost giants
  5 iron dragons
  4 draconian scorchers
  10 draconian monks
  12 fire giants
  6 draconian knights
  14 vault wardens
  8 draconian shifters
  4 deep elf sorcerers
  6 ghost moths
  A balrug (Depths:3)
  7 deep elf elementalists (Elf:3)
  2 reapers
  Louise (Shoals:3)
  A curse skull (Elf:3)
  13 ironbound preservers
  8 draconian annihilators
  3 orc warlords
  5 draconian stormcallers
  2 formless jellyfish
  8 ironbound thunderhulks
  2 spriggan defenders (Depths:2)
  4 vampire knights
  9 very ugly things
  28 stone giants
  22 white draconians
  20 green draconians
  11 deep elf death magi
  5 deep elf demonologists
  11 black draconians
  6 deep elf annihilators
  11 yellow draconians
  10 dire elephants
  2 war gargoyles
  15 red draconians
  A minotaur (Gauntlet)
  A lorocyproca (Depths:3)
  15 purple draconians
  2 eidola
  10 spark wasps
  2 blizzard demons
  14 merfolk impalers
  10 fire dragons
  4 spectral elves (Elf:3)
  12 ettins
  9 yaktaur captains
  A crystal guardian (Vaults:4)
  2 jiangshi
  4 merfolk javelineers
  2 deep elf high priests (Vaults:5)
  The ghost of Lovepenguin the Stormcaller, a journeyman TeAE of Sif Muna (Lair:5)
  2 entropy weavers
  10 ice dragons
  4 peacekeepers
  2 rakshasas
  28 vault guards
  5 hydras
  6 great orbs of eyes
  2 ogre magi (Vaults:5)
  5 salamander tyrants
  8 spriggan air magi
  12 ironbound frosthearts
  2 merfolk avatars
  13 anacondas
  6 catoblepae
  14 centaur warriors
  2 death knights (D:14)
  6 ghost crabs (WizLab)
  7 tengu warriors
  An alligator (Zot:2)
  4 boulder beetles
  A merfolk aquamancer (Shoals:4)
  10 two-headed ogres
  An alligator snapping turtle (Shoals:2)
  A satyr (Shoals:4)
  24 dancing weapons
  A hell hog (Abyss:1)
  5 deep troll shamans
  A vampire mage (Depths:3)
  8 death yaks
  4 orc high priests (Orc:2)
  8 spriggan berserkers
  2 occultists (Depths:4)
  2 deep troll earth magi
  10 shock serpents
  11 naga warriors
  A soul eater (Depths:4)
  20 deep elf knights
  Sonja (Orc:2)
  14 naga sharpshooters
  A sixfirhy (Abyss:1)
  2 sun demons
  2 skysharks (Lair:5)
  7 hell knights
  5 salamander mystics
  A shadow wraith (Elf:3)
  5 skeletal warriors
  4 iron trolls
  8 arcanists
  A death drake (WizLab)
  11 deep elf archers
  A deep troll (shapeshifter) (Vaults:5)
  4 glowing orange brains
  9 sea snakes
  A spectral anaconda (Snake:2)
  13 mana vipers
  A steelbarb worm (shapeshifter) (Depths:2)
  4 flayed ghosts
  37 deep trolls
  2 orange crystal statues
  8 lindwurms
  A mana viper (shapeshifter) (Depths:3)
  An obsidian statue (Zot:2)
  6 naga ritualists
  5 necromancers
  A lindwurm (shapeshifter) (Depths:3)
  2 spectral wolf spiders (D:14)
  A phantasmal warrior (Vaults:5)
  8 harpies
  2 lightning spires (Zot:2)
  6 thermic dynamos
  12 ironbound convokers
  14 orc knights
  25 deep elf zephyrmancers
  An obsidian bat (Orc:1)
  4 oklob plants (Zot:2)
  5 orc sorcerers
  An ugly thing (shapeshifter) (Depths:3)
  9 fauns
  4 cyclopes
  13 manticores
  49 ugly things
  29 deep elf pyromancers
  A large abomination (Abyss:1)
  4 kobold blastminers (Orc:2)
  37 moths of wrath
  6 meliai
  21 salamanders
  17 elephants
  2 spectral centaurs (D:14)
  10 merfolk sirens
  A rust devil (Zot:3)
  2 centaur zombies (D:14)
  13 guardian serpents
  A spectral ice dragon (D:14)
  5 water nymphs
  A water nymph (shapeshifter) (Vaults:5)
  43 black mambas
  5 apocalypse crabs
  3 smoke demons (Depths:3)
  14 naga magi
  13 vault sentinels
  2 centaur skeletons (D:14)
  4 gargoyles
  12 cane toads
  An unseen horror (D:10)
  A minotaur zombie (Gauntlet)
  3 spectral sea snakes (Snake:2)
  2 torpor snails
  An efreet (D:15)
  24 rime drakes
  3 kobold demonologists
  5 komodo dragons
  A hellion (Gauntlet)
  6 tengu conjurers
  13 freezing wraiths
  3 spectral nagas (Snake:2)
  39 yaktaurs
  2 anaconda simulacra (Snake:2)
  A spectral deep troll (D:14)
  A sea snake skeleton (Snake:2)
  A tormentor (Zot:1)
  An ancient zyme (Abyss:1)
  4 trolls
  A harpy skeleton (Abyss:1)
  2 harpy zombies (Shoals:4)
  19 polar bears
  5 hellwings
  13 wind drakes
  A hornet (Depths:2)
  36 merfolk
  Grinder (D:3)
  A merfolk (shapeshifter) (Vaults:5)
  A jumping spider (shapeshifter) (Vaults:5)
  A spectral guardian serpent (Snake:2)
  22 blink frogs
  7 raiju
  21 dream sheep
  8 snapping turtles
  3 centaur simulacra
  A culicivora (shapeshifter) (Elf:1)
  2 spriggans
  2 shadows
  29 slime creatures
  A guardian serpent skeleton (Snake:2)
  5 wyverns
  9 air elementals
  2 small abominations
  25 water elementals
  10 wraiths
  67 yaks
  3 vampires
  2 ynoxinuls (Abyss:1)
  2 wargs (Orc:2)
  2 basilisks
  4 steam dragons
  2 humans (D:13)
  2 vampire mosquitoes (D:12)
  4 golden eyes (Zot:5)
  A sea snake simulacrum (Snake:2)
  42 nagas
  A neqoxec (Zot:1)
  18 water moccasins
  7 hell hounds
  21 orc warriors
  3 guardian serpent simulacra (Snake:2)
  An ice beast (shapeshifter) (Elf:3)
  3 ice beasts
  3 ice dragon simulacra (D:14)
  5 black bears
  2 sky beasts
  3 manticore zombies (Shoals:4)
  4 ogres
  22 wolves
  5 boggarts
  6 centaurs
  4 elf simulacra (Elf:3)
  5 kobold brigands
  2 gnoll sergeants (D:9)
  A weeping skull (Elf:3)
  11 bullfrogs
  An earth elemental (Elf:3)
  2 naga simulacra (Snake:2)
  3 scorpions
  3 wights (D:8)
  4 killer bees (D:10)
  2 electric eels (Lair:2)
  7 howler monkeys
  2 bombardier beetles
  3 jellies
  3 hounds
  22 orc priests
  4 iguanas
  A spectral boggart (D:14)
  2 sleepcaps (D:7)
  23 orc wizards
  Natasha (twice) (D:4)
  2 naga skeletons (Snake:2)
  9 gnolls (D:9)
  6 adders
  3 shadow imps
  3 dart slugs
  3 ribbon worms
  69 orcs
  A bat zombie (Shoals:4)
  5 endoplasms
  A giant cockroach (D:3)
  8 goblins
  9 hobgoblins
  2 jackals (D:2)
  3 quokkas
  10 ball pythons
  9 bats
  4 frilled lizards
  26 kobolds
  4 rats
  An aspiring flesh (Zot:2)
  3 tentacles (Shoals:1)
2238 creatures vanquished.

Vanquished Creatures (others)
  An Ice Fiend (Depths:2)
  A quicksilver dragon (Zot:2)
  A fire giant (Depths:3)
  A vault warden (Vaults:5)
  2 black draconians
  2 spriggan air magi (WizLab)
  A shock serpent (WizLab)
  A sea snake (Shoals:4)
  A death drake (WizLab)
  A deep troll (shapeshifter) (Vaults:5)
  A naga mage (Snake:4)
  A spectral sea snake (Snake:2)
  A polar bear (IceCv)
  2 air elementals (WizLab)
  An orc priest (Orc:2)
  2 ball lightnings (Depths:2)
  A spectral weapon (Lair:1)
  6 starspawn tentacles (Abyss:1)
  61 tentacles (Shoals:1)
88 creatures vanquished.

Grand Total: 2326 creatures vanquished

Notes
Turn   | Place    | Note
-------+----------+-------------------------------------------
     0 | D:1      | ooops the Coglin Gladiator began the quest for the Orb.
     0 | D:1      | Reached XP level 1. HP: 16/16 MP: 1/1
   206 | D:1      | Reached XP level 2. HP: 22/22 MP: 2/2
   496 | D:2      | Reached XP level 3. HP: 24/27 MP: 3/3
   687 | D:2      | Reached XP level 4. HP: 32/33 MP: 4/4
   880 | D:2      | Identified the +2 hat of Altruism {Int+2}
  1082 | D:3      | Found Zanin's Magic Scroll Emporium.
  1138 | D:3      | HP: 1/34 [orc/+0 hand axe (5)]
  1143 | D:3      | Reached XP level 5. HP: 2/39 MP: 5/5
  1296 | D:3      | Bought a scroll of identify for 26 gold pieces
  1296 | D:3      | Bought a scroll of blinking for 97 gold pieces
  1296 | D:3      | Bought a scroll of identify for 26 gold pieces
  1433 | D:3      | Reached skill level 1 in Armour
  1718 | D:3      | Noticed Grinder
  1886 | D:3      | Paralysed by Grinder for 2 turns
  1892 | D:3      | Killed Grinder
  1893 | D:3      | Reached skill level 1 in Short Blades
  1893 | D:3      | Reached skill level 5 in Long Blades
  1893 | D:3      | Reached XP level 6. HP: 8/47 MP: 6/6
  2256 | D:4      | Found a staircase to the Ecumenical Temple.
  2265 | Temple   | Entered the Ecumenical Temple
  2337 | Temple   | Became a worshipper of the Wu Jian Council
  2548 | D:4      | Noticed Natasha
  2554 | D:4      | Killed Natasha
  2583 | D:4      | Noticed Natasha
  2589 | D:4      | Killed Natasha
  2590 | D:4      | Reached XP level 7. HP: 38/52 MP: 7/7
  3023 | D:4      | Found Kyuts's CLEARANCE SALE!.
  3126 | D:4      | Reached * piety under Wu Jian
  3374 | D:5      | Entered Level 5 of the Dungeon
  3376 | D:5      | Found Nynaz's General Store.
  3401 | D:5      | Found Lusairoi's Antique Armour Emporium.
  3546 | D:5      | Found Tethroh's Magic Scroll Boutique.
  3553 | D:5      | Reached XP level 8. HP: 60/60 MP: 8/8
  3581 | D:5      | Found Oggy's Weapon Boutique.
  3852 | D:5      | Found Wukhlako's Antique Armour Shop.
  3861 | D:5      | Identified the +4 great sword of Inference {freeze, rCorr}
  4479 | D:6      | Found an iron altar of Okawaru.
  4835 | D:6      | Reached skill level 5 in Fighting
  5173 | D:7      | Reached XP level 9. HP: 68/68 MP: 9/9
  5178 | D:7      | Reached skill level 5 in Short Blades
  6397 | D:8      | Reached ** piety under Wu Jian
  6671 | D:8      | Reached skill level 5 in Armour
  6814 | D:8      | Identified a scroll of acquirement
  6814 | D:8      | Acquired the +14 crystal plate armour "Hyutuca" {rPois rF+
                  | Regen+}
  6945 | D:8      | Reached skill level 1 in Stealth
  7785 | D:9      | Found Etaodwika's Antique Armour Shoppe.
  7812 | D:9      | Found Ahaextol's Magic Scroll Shop.
  7818 | D:9      | Found Ceezxal's Weapon Boutique.
  7850 | D:9      | Found a broken altar of Ashenzari.
  7860 | D:9      | Reached XP level 10. HP: 76/76 MP: 10/10
  7866 | D:9      | Acquired the scarf "Efimaepeaxt" {repulsion, +Blink Regen+}
  7991 | D:9      | Found a blossoming altar of Fedhas.
  8032 | D:9      | Found a staircase to the Orcish Mines.
  8076 | D:9      | Reached *** piety under Wu Jian
  8328 | D:9      | Found Iliudghi's Antique Armour Shoppe.
  8373 | D:9      | Found a burning altar of Makhleb.
  8373 | D:9      | Noticed a blizzard demon
  8441 | D:10     | Entered Level 10 of the Dungeon
  8791 | D:10     | Reached skill level 10 in Long Blades
  8823 | D:10     | Noticed a deep elf pyromancer
  8823 | D:10     | Noticed a kobold demonologist
  8844 | D:10     | Killed a kobold demonologist
  8845 | D:10     | Reached XP level 11. HP: 83/83 MP: 11/11
  8850 | D:10     | Killed a deep elf pyromancer
  8913 | D:10     | Found a stormy altar of Qazlal.
  9073 | D:10     | Noticed a deep elf pyromancer
  9074 | D:10     | Noticed a sixfirhy
  9079 | D:10     | Killed a deep elf pyromancer
  9081 | D:10     | Noticed a soul eater
  9083 | D:10     | Noticed a sixfirhy
  9213 | D:10     | Noticed a deep elf pyromancer
  9220 | D:10     | Killed a deep elf pyromancer
  9224 | D:10     | Found a shimmering blue altar of Sif Muna.
  9322 | D:10     | Noticed a soul eater
  9337 | D:10     | Got Vehumet's Exposition on the Volley
  9374 | D:10     | Found a shimmering blue altar of Sif Muna.
  9747 | D:11     | Reached **** piety under Wu Jian
  9805 | D:11     | Noticed a manticore
  9819 | D:11     | Killed a manticore
  9872 | D:11     | Found a staircase to the Lair.
 10071 | D:11     | Noticed a boulder beetle
 10080 | D:11     | Noticed a two-headed ogre
 10095 | Lair:1   | Entered Level 1 of the Lair of Beasts
 10186 | Lair:1   | Noticed a catoblepas
 10221 | Lair:1   | Killed a catoblepas
 10258 | Lair:1   | Reached XP level 12. HP: 89/92 MP: 12/12
 12565 | Orc:1    | Entered Level 1 of the Orcish Mines
 12627 | Orc:1    | Found a roughly hewn altar of Beogh.
 12762 | Orc:2    | Entered Level 2 of the Orcish Mines
 12886 | Orc:2    | Noticed an orc high priest
 12888 | Orc:2    | Noticed a soul eater
 12906 | Orc:2    | Killed an orc high priest
 12978 | Orc:2    | Reached ***** piety under Wu Jian
 13636 | D:5      | Bought the +11 Singing Sword {sonic wave} for 1100 gold
                  | pieces
 13636 | D:5      | Found the +11 Singing Sword {sonic wave}
 13860 | Orc:2    | Found a staircase to the Elven Halls.
 13904 | Orc:2    | Paralysed by an orc sorcerer for 3 turns
 13958 | Orc:2    | Noticed Sonja
 13965 | Abyss:1  | Cast into level 1 of the Abyss (Sonja)
 14005 | Abyss:1  | Noticed a deep elf sorcerer
 14011 | Abyss:1  | Noticed a tentacled starspawn
 14014 | Abyss:1  | Killed a deep elf sorcerer
 14027 | Abyss:1  | Noticed a yellow draconian
 14027 | Abyss:1  | Killed a tentacled starspawn
 14028 | Abyss:1  | Reached XP level 13. HP: 72/101 MP: 13/13
 14187 | Abyss:1  | Noticed an eidolon
 14196 | Abyss:1  | Killed an eidolon
 14212 | Orc:2    | Escaped the Abyss
 14219 | Orc:2    | Killed Sonja
 14259 | Orc:2    | Reached skill level 10 in Fighting
 14269 | Orc:2    | Found Muprygg's Assorted Antiques.
 14269 | Orc:2    | Found Qetotaat's Assorted Antiques.
 14271 | Orc:2    | Found Nyich's Weapon Boutique.
 14271 | Orc:2    | Found Itoisuc's Jewellery Emporium.
 14775 | Lair:2   | Gained mutation: You do not regenerate when monsters are
                  | visible. [potion of mutation]
 14775 | Lair:2   | Gained mutation: You have a pair of small antennae on your
                  | head. [potion of mutation]
 14775 | Lair:2   | Gained mutation: Your flesh is cold resistant. (rC+)
                  | [potion of mutation]
 14775 | Lair:2   | Gained mutation: You possess an exceptional clarity of
                  | mind. [potion of mutation]
 14776 | Lair:2   | Lost mutation: You have a pair of small antennae on your
                  | head. [potion of mutation]
 14776 | Lair:2   | Lost mutation: You do not regenerate when monsters are
                  | visible. [potion of mutation]
 14776 | Lair:2   | Gained mutation: You occasionally shout uncontrollably at
                  | your foes. [potion of mutation]
 14776 | Lair:2   | Gained mutation: You passively map a small area around you.
                  | [potion of mutation]
 14834 | Lair:2   | Reached skill level 10 in Armour
 14865 | Lair:2   | Found a staircase to the Snake Pit.
 14874 | Lair:2   | Reached ****** piety under Wu Jian
 14919 | Lair:2   | Found a staircase to the Shoals.
 15772 | Orc:2    | Bought a glowing rapier for 210 gold pieces
 16145 | Lair:3   | Reached XP level 14. HP: 91/111 MP: 14/14
 16145 | Lair:3   | Acquired a secondary neoscope {Rampage Acrobat Will+
                  | Slay+3}
 16677 | Lair:4   | Reached skill level 15 in Long Blades
 16750 | Lair:4   | Found a staircase to the Slime Pits.
 17148 | Lair:4   | Found the +8 longbow "Zephyr" {speed, Dex+3 SInv}
 17416 | Lair:5   | Entered Level 5 of the Lair of Beasts
 17416 | Lair:5   | Found a gate leading to a gauntlet.
 17429 | Gauntlet | Entered a Gauntlet
 17429 | Gauntlet | Found a transporter.
 17438 | Gauntlet | Found a transporter.
 17454 | Gauntlet | Found a transporter.
 17458 | Gauntlet | Found a transporter.
 17465 | Gauntlet | Noticed a reaper
 17468 | Gauntlet | Found a transporter.
 17489 | Gauntlet | Found a transporter.
 17493 | Gauntlet | Found a transporter.
 17496 | Gauntlet | Found a transporter.
 17496 | Gauntlet | Noticed a reaper
 17515 | Gauntlet | Found a large runed translucent door.
 17515 | Gauntlet | Found a large runed translucent door.
 17515 | Gauntlet | Noticed a balrug
 17516 | Gauntlet | Found a large runed translucent door.
 17517 | Gauntlet | Found a large runed translucent door.
 17518 | Gauntlet | Found a runed translucent gate.
 17519 | Gauntlet | Found a transporter.
 17519 | Gauntlet | Found a runed translucent gate.
 17520 | Gauntlet | Found a large runed translucent door.
 17520 | Gauntlet | Found a runed translucent gate.
 17521 | Gauntlet | Found a large runed translucent door.
 17521 | Gauntlet | Found a large runed translucent door.
 17522 | Gauntlet | Found a large runed translucent door.
 17523 | Gauntlet | Found a large runed translucent door.
 17532 | Gauntlet | Found a large runed translucent door.
 17532 | Gauntlet | Found a large runed translucent door.
 17532 | Gauntlet | Found a runed translucent door.
 17532 | Gauntlet | Found a runed translucent door.
 17533 | Gauntlet | Found a large runed translucent door.
 17534 | Gauntlet | Found a large runed translucent door.
 17536 | Gauntlet | Found a transporter.
 17540 | Gauntlet | Found a transporter.
 17543 | Gauntlet | Found a large runed translucent door.
 17543 | Gauntlet | Found a large runed translucent door.
 17551 | Gauntlet | Found a transporter.
 17572 | Gauntlet | Found a large runed translucent door.
 17676 | Gauntlet | Acquired a +4 double sword of flaming
 17717 | Gauntlet | Killed a reaper
 17759 | Gauntlet | Identified the ring "Saxikly" {rPois SInv}
 17875 | Lair:5   | Reached skill level 1 in Evocations
 17899 | Lair:5   | Reached XP level 15. HP: 94/121 MP: 15/15
 17904 | Lair:5   | Found a transporter.
 18020 | Lair:5   | Noticed Lovepenguin's ghost (journeyman TeAE)
 18088 | Lair:5   | Found a transporter.
 18088 | Lair:5   | Found a one-way gate to the infinite horrors of the Abyss.
 18241 | Lair:5   | Reached skill level 5 in Stealth
 18418 | Lair:5   | Identified the +1 robe of the Kitsune {Str+4}
 18902 | D:3      | Bought a scroll of enchant weapon for 97 gold pieces
 18902 | D:3      | Bought a scroll of enchant armour for 97 gold pieces
 18980 | D:5      | Bought a potion of heal wounds for 65 gold pieces
 19598 | Shoals:1 | Entered Level 1 of the Shoals
 19836 | Shoals:1 | Found a glacial archway.
 19901 | Shoals:1 | Noticed a kraken
 19973 | IceCv    | Entered an ice cave
 20284 | IceCv    | Reached XP level 16. HP: 117/132 MP: 16/16
 21474 | Shoals:1 | Killed a kraken
 21779 | Elf:1    | Entered Level 1 of the Elven Halls
 21788 | Elf:1    | Reached skill level 1 in Ranged Weapons
 21831 | Elf:1    | Noticed a Brimstone Fiend
 21914 | Elf:1    | Found Itepn's Antique Armour Emporium.
 21917 | Elf:1    | Reached skill level 15 in Fighting
 21938 | Elf:1    | Found Myriyboh's General Store.
 21943 | Elf:1    | Paralysed by an air elemental for 1 turns
 21958 | Elf:1    | Found Hyij's General Store.
 22241 | Elf:1    | Got the Guidebook on the Gathering
 22542 | Elf:2    | Found a magical portal.
 22630 | Elf:2    | Reached XP level 17. HP: 121/142 MP: 17/17
 22943 | Elf:2    | Found a runed translucent gate.
 22944 | Elf:2    | Found a runed translucent gate.
 22945 | Elf:2    | Found a runed translucent gate.
 23171 | WizLab   | Entered The Chambers of the Cloud Mage
 23175 | WizLab   | Paralysed by an air elemental for 1 turns
 23324 | WizLab   | Paralysed by an air elemental for 1 turns
 23520 | WizLab   | Noticed Dumil
 23526 | WizLab   | Killed Dumil the Cloud Mage
 23568 | WizLab   | Got the Directory of the Zephyr
 23580 | WizLab   | Identified the ring of Ymafa {Fly rPois Dex+4}
 24129 | Elf:3    | Entered Level 3 of the Elven Halls
 24134 | Elf:3    | Identified the +1 scale mail "Egug" {Fly rC+ Dex+2 Stlth+}
 24564 | Elf:3    | Reached XP level 18. HP: 153/153 MP: 18/18
 24699 | Elf:3    | Noticed a deep elf blademaster
 24711 | Elf:3    | Killed a deep elf blademaster
 24711 | Elf:3    | Noticed a deep elf blademaster
 24712 | Elf:3    | Noticed a deep elf master archer
 24716 | Elf:3    | Killed a deep elf blademaster
 24717 | Elf:3    | Noticed a deep elf master archer
 24718 | Elf:3    | Noticed a Tzitzimitl
 24721 | Elf:3    | Killed a ghostly deep elf blademaster
 24721 | Elf:3    | Killed a deep elf master archer
 24721 | Elf:3    | Killed a deep elf master archer
 24771 | Elf:3    | Identified the +4 halberd of Prudence {speed, rC+ Int+4}
 24771 | Elf:3    | Identified the ring "Vannuod" {rC+ Dex+2}
 24835 | Elf:3    | Identified the +3 quarterstaff "Iskaydifun" {flame, rF+ rN+
                  | Dex+2}
 24866 | Elf:3    | Identified the +0 ring mail "Ibrim" {rPois Will- Int+5
                  | SInv}
 24869 | Elf:3    | Identified the +3 pair of boots of Cuhiog {rElec rPois
                  | rCorr MP-9}
 24885 | Elf:3    | Identified the +6 falchion of Sudden Death {venom, rElec}
 24889 | Elf:3    | Got the Opusculum on Accomplices
 24924 | Elf:3    | Got Ekhlien's Folio of Frore Clouds
 24929 | Elf:3    | Identified the staff of Patience {rElec rN+ Str+3 Necro
                  | Tloc}
 24932 | Elf:3    | Identified the +7 leather armour of the Garden {Str+5}
 25388 | Elf:3    | Identified the +6 shortbow of Nofeppor {flame, rC- Str+2
                  | Int+4}
 26432 | Shoals:1 | Identified the ring of Uvit Uno {rElec rF- Dex+6 SInv
                  | Stlth+}
 26436 | Shoals:1 | Noticed a tentacled monstrosity
 26439 | Shoals:1 | Killed a tentacled monstrosity
 26461 | Shoals:1 | Got the Octavo of Mad Ravings
 26839 | Shoals:2 | Noticed Polyphemus
 26856 | Shoals:2 | Killed Polyphemus
 26857 | Shoals:2 | Noticed Ilsuiw
 26871 | Shoals:2 | Killed Ilsuiw
 27302 | Shoals:3 | Noticed Louise
 27352 | Shoals:3 | Killed Louise
 27398 | Shoals:3 | Reached XP level 19. HP: 156/163 MP: 10/19
 28182 | Shoals:4 | Entered Level 4 of the Shoals
 28668 | Shoals:4 | Got a barnacled rune of Zot
 29315 | Snake:1  | Entered Level 1 of the Snake Pit
 29983 | Snake:2  | Noticed Vashnia
 29999 | Snake:2  | Killed Vashnia
 30677 | Snake:2  | Noticed Nikola
 30686 | Snake:2  | Killed Nikola
 30773 | Snake:2  | Reached XP level 20. HP: 157/174 MP: 11/20
 31350 | Snake:3  | Identified the serpent talisman of Untruth {Str+7 Slay+3
                  | Stlth-}
 31350 | Snake:3  | Noticed Aizul
 31354 | Snake:3  | Killed Aizul
 31706 | Snake:3  | Identified the +7 short sword of Painful Death {antimagic,
                  | rN+++ rCorr Str-5 Int+5}
 31730 | Snake:3  | Noticed Jorgrun
 31736 | Snake:3  | Killed Jorgrun
 31737 | Snake:3  | Reached skill level 15 in Armour
 31913 | Snake:4  | Entered Level 4 of the Snake Pit
 32172 | Snake:4  | Found Bimont's Jewellery Shoppe.
 32614 | Snake:4  | Got a serpentine rune of Zot
 32748 | Snake:4  | Found a glowing silver altar of Zin.
 33678 | D:11     | Identified the +2 dagger of the Thing {heavy, *Corrode rC+
                  | rN++ SInv}
 34460 | D:12     | Reached XP level 21. HP: 184/184 MP: 12/21
 34661 | D:13     | Found a gate to the Vaults.
 34694 | Vaults:1 | Entered Level 1 of the Vaults
 34942 | Vaults:1 | Found Roimemn's Weapon Boutique.
 35424 | Vaults:1 | Paralysed by a formless jellyfish for 1 turns
 36031 | Vaults:2 | Found Owies's Antique Armour Shoppe.
 36192 | Vaults:2 | You fall into a shaft and drop 1 floor!
 36222 | Vaults:3 | Found a crumbling gateway.
 36496 | Vaults:3 | Reached XP level 22. HP: 186/196 MP: 13/22
 36708 | Vaults:3 | Identified the +8 rapier "Newtslayer" {freeze, rElec MP+9
                  | Str-4 Int+3}
 36919 | Vaults:3 | Found a flickering gateway to a bazaar.
 36930 | Bazaar   | Entered a bazaar
 36930 | Bazaar   | Found Riudise's General Store.
 36930 | Bazaar   | Found Goanepn's Antique Armour Shoppe.
 36930 | Bazaar   | Found Mogiwow's Magic Scroll Shop.
 36932 | Bazaar   | Found Hid Quush's Antique Armour Shop.
 36932 | Bazaar   | Found Gith's Magic Scroll Emporium.
 36976 | Bazaar   | Bought a scroll of fear for 44 gold pieces
 36976 | Bazaar   | Bought a scroll of teleportation for 33 gold pieces
 36976 | Bazaar   | Bought a scroll of fear for 44 gold pieces
 36984 | Bazaar   | Bought a scroll of brand weapon for 104 gold pieces
 36984 | Bazaar   | Bought a scroll of brand weapon for 104 gold pieces
 36984 | Bazaar   | Bought a scroll of summoning for 104 gold pieces
 36984 | Bazaar   | Bought a scroll of summoning for 104 gold pieces
 36984 | Bazaar   | Bought a scroll of brand weapon for 104 gold pieces
 37397 | Vaults:3 | Found a glowing silver altar of Zin.
 37805 | Vaults:4 | Noticed Donald
 37810 | Vaults:4 | Killed Donald
 39007 | Vaults:5 | Entered Level 5 of the Vaults
 39035 | Vaults:5 | Noticed an ancient lich
 39037 | Vaults:5 | Noticed a golden dragon
 39040 | Vaults:5 | Reached XP level 23. HP: 203/207 MP: 14/23
 39042 | Vaults:5 | Killed an ancient lich
 39048 | Vaults:5 | Killed a golden dragon
 39054 | Vaults:5 | Lost mutation: Your flesh is cold resistant. (rC+) [a
                  | shining eye]
 39222 | Vaults:5 | Identified the staff of the Snake Pit {rPois rF+ rC+ Str+4
                  | Fire}
 39271 | Vaults:5 | Identified the +1 morningstar "Ogreslayer" {freeze, rF++
                  | rC- Int+2 SInv}
 39281 | Vaults:5 | Got a silver rune of Zot
 39283 | Vaults:5 | Identified the +2 ring mail "Jiesui Muerch" {Rampage +Blink
                  | rF-}
 40309 | D:3      | Bought a scroll of poison for 52 gold pieces
 40309 | D:3      | Bought a scroll of fog for 52 gold pieces
 40309 | D:3      | Bought a scroll of teleportation for 39 gold pieces
 40309 | D:3      | Bought a scroll of teleportation for 39 gold pieces
 40350 | D:4      | Bought a scroll of teleportation for 18 gold pieces
 40387 | D:5      | Bought a wand of quicksilver (6) for 327 gold pieces
 40436 | D:5      | Bought a scroll of poison for 52 gold pieces
 40436 | D:5      | Bought a scroll of teleportation for 39 gold pieces
 40436 | D:5      | Bought a scroll of silence for 123 gold pieces
 40436 | D:5      | Bought a scroll of fog for 52 gold pieces
 40832 | Lair:5   | Killed Lovepenguin's ghost
 41041 | D:13     | Found a shimmering blue altar of Sif Muna.
 41237 | D:13     | Found Sock's Weapon Shop.
 41403 | D:13     | You fall into a shaft and drop 2 floors!
 41403 | D:15     | Entered Level 15 of the Dungeon
 42238 | D:14     | Identified the +6 morningstar "Spider's Regret" {venom,
                  | MP+9 Str+2 Dex+2}
 42238 | D:14     | Found a basalt altar of Yredelemnul.
 42373 | D:14     | Found the +9 sword of Power {lifebolt}
 42591 | D:15     | Found a staircase to the Depths.
 42881 | Depths:1 | Entered Level 1 of the Depths
 42885 | Depths:1 | Found a gateway to Hell.
 42958 | Depths:1 | Found a one-way gateway to a ziggurat.
 42966 | Depths:1 | Reached XP level 24. HP: 218/218 MP: 14/23
 43053 | Depths:1 | Found a broken altar of Ashenzari.
 43120 | Depths:1 | Found a hazy altar of Hepliaklqana.
 43411 | Depths:2 | Noticed a juggernaut
 43945 | Depths:2 | Noticed a juggernaut
 43955 | Depths:2 | Killed a juggernaut
 44003 | Depths:2 | Identified the +6 morningstar of the Building Scavenger
                  | {drain, Str+3}
 44020 | Depths:2 | Noticed a caustic shrike
 44034 | Depths:2 | Killed a caustic shrike
 44393 | Depths:2 | Killed a juggernaut
 44480 | Depths:2 | Identified the ring "Iraiguus" {rPois rF+}
 44561 | Depths:2 | Identified the ring "Qodan" {Fire Str+2}
 44586 | Depths:2 | Identified the +9 dagger "Sarcophage" {freeze, rElec rPois
                  | rC- Int+3}
 44594 | Depths:2 | Found a one-way gate leading to the halls of Pandemonium.
 44674 | Depths:2 | Identified the +1 pair of gloves "Gearchis" {rElec rC- MP+9
                  | Dex+3}
 44909 | Depths:3 | Found a corrupted altar of Lugonu.
 45318 | Depths:3 | Found a runed translucent door.
 45318 | Depths:3 | Found a runed translucent door.
 45320 | Depths:3 | Found a runed translucent door.
 45560 | Depths:3 | Found Cixuaffo's Tremendous Tomes.
 45673 | Depths:3 | Reached XP level 25. HP: 229/229 MP: 14/23
 45991 | Depths:3 | Reached skill level 27 in Long Blades
 46065 | Depths:3 | Identified the +1 plate armour "Ymij" {^Contam rC+ Str+2
                  | Slay+3}
 46117 | Depths:3 | Identified the ring of Paranoia {rC++ Int-3 Dex+6}
 46136 | Depths:3 | Identified the +0 trident of Trauma {pain, rN+}
 46140 | Depths:3 | Identified the +1 glaive of Intuition {heavy, rPois Int+3}
 46141 | Depths:3 | Identified the +0 great mace of Fusuorph {heavy, rElec
                  | rPois Int+4}
 46320 | Depths:4 | Entered Level 4 of the Depths
 46577 | Depths:4 | Found a gate to the Realm of Zot.
 47414 | Zot:1    | Entered Level 1 of the Realm of Zot
 47517 | Zot:1    | Noticed an orb of fire
 47522 | Zot:1    | Gained mutation: You are frail. (-10% HP) [an orb of fire]
 47531 | Zot:1    | Killed an orb of fire
 48126 | Zot:1    | Reached skill level 27 in Fighting
 48605 | Zot:2    | Reached XP level 26. HP: 116/217 MP: 14/23
 48741 | Zot:2    | Found the +7 hand cannon "Mule" {flame, backblast, rF+}
 48904 | Zot:2    | Identified the +4 great sword of Springtime {freeze, rF+
                  | Will+}
 49365 | Zot:2    | Identified the orb of Byniladd {*channel, Fire}
 49727 | Zot:3    | Noticed an orb of fire
 49738 | Zot:3    | Killed an orb of fire
 49915 | Zot:3    | Noticed an orb of fire
 49920 | Zot:3    | Gained mutation: You frequently scream uncontrollably at
                  | your foes. [an orb of fire]
 49925 | Zot:3    | Killed an orb of fire
 50538 | Zot:4    | Found the +4 dragonskin cloak {Aegis}
 50538 | Zot:4    | Noticed Tiamat
 50575 | Zot:4    | Killed Tiamat
 50626 | Zot:4    | Found a stormy altar of Qazlal.
 50839 | Zot:4    | Found a stormy altar of Qazlal.
 51111 | Zot:4    | Reached XP level 27. HP: 224/224 MP: 14/23
 51880 | Zot:4    | Identified the staff of Eternal Harmony {rF+ rN+ Fire}
 52014 | Zot:5    | Entered Level 5 of the Realm of Zot
 52019 | Zot:5    | Acquired a manual of Short Blades
 52105 | Zot:5    | Reached skill level 10 in Short Blades
 52106 | Zot:5    | Noticed an orb of fire
 52111 | Zot:5    | Noticed an ancient lich
 52113 | Zot:5    | Noticed an orb of fire
 52117 | Zot:5    | Gained mutation: Your magical capacity is low. (-10% MP)
                  | [an orb of fire]
 52131 | Zot:5    | HP: 11/224 [orb of fire/bolt of fire (34)]
 52208 | Zot:5    | Killed an ancient lich
 52221 | Zot:5    | Gained mutation: You have hidden genetic defects. [an orb
                  | of fire]
 52310 | Zot:5    | Gained mutation: You occasionally lose the ability to read
                  | scrolls when taking damage. [an orb of fire]
 52313 | Zot:5    | Lost mutation: You possess an exceptional clarity of mind.
                  | [an orb of fire]
 52315 | Zot:5    | Killed an orb of fire
 52320 | Zot:5    | Killed an orb of fire
 52654 | Zot:5    | Noticed a dread lich
 52664 | Zot:5    | Noticed an orb of fire
 52673 | Zot:5    | Killed an orb of fire
 52675 | Zot:5    | Killed a dread lich
 52687 | Zot:5    | Gained mutation: You are dopey. (Int -2) [hidden defects]
 52957 | Zot:5    | Gained mutation: Your magical capacity is very low. (-20%
                  | MP) [hidden defects]
 52957 | Zot:5    | Lost mutation: You have hidden genetic defects. [hidden
                  | defects expressed]
 52966 | Zot:5    | Lost mutation: You frequently scream uncontrollably at your
                  | foes. [potion of mutation]
 52966 | Zot:5    | Lost mutation: Your magical capacity is very low. (-20% MP)
                  | [potion of mutation]
 52966 | Zot:5    | Lost mutation: You occasionally lose the ability to read
                  | scrolls when taking damage. [potion of mutation]
 52966 | Zot:5    | Gained mutation: Your body sometimes deteriorates upon
                  | taking damage. [potion of mutation]
 52966 | Zot:5    | Gained mutation: Your spells are a little harder to cast,
                  | but a little more powerful. [potion of mutation]
 52967 | Zot:5    | Lost mutation: Your magical capacity is low. (-10% MP)
                  | [potion of mutation]
 52967 | Zot:5    | Lost mutation: Your body sometimes deteriorates upon taking
                  | damage. [potion of mutation]
 52967 | Zot:5    | Gained mutation: You are partially covered in iridescent
                  | scales. (AC +2) [potion of mutation]
 53060 | Zot:5    | Noticed an orb of fire
 53072 | Zot:5    | Killed an orb of fire
 53192 | Zot:5    | Got the Orb of Zot
 53362 | Zot:3    | Noticed Jateof Posoj the pandemonium lord
 53374 | Zot:3    | Gained mutation: You are clumsy. (Dex -2) [a neqoxec]
 53589 | Depths:2 | Noticed Zourotsu the pandemonium lord
 53600 | Depths:2 | HP: 7/224 [spore (13)]
 53607 | Depths:2 | Killed by an exploding ball lightning

Illustrated notes

Levels and vault maps discovered:
D:1:      lemuel_arrival_behind_the_door_small, layout_rooms
D:2:      layout_basic, serial_bayou_pond_b, chequers_garden, minmay_distorted
D:3:      layout_loops_ring, serial_shops, nicolae_shop_advertising_works
          [nicolae_subvault_shop_adworks], uniq_grinder
D:4:      layout_basic, minmay_temple_entry_glass, nicolae_shop_clearance,
          uniq_natasha
D:5:      layout_basic, serial_shops, nicolae_shop_window_shopping, shop,
          nicolae_square_shop, shop, nicolae_shop_tiny_waterfront
D:6:      layout_loops_corners, hellmonk_okawaru_the_only_friend_you_need
D:7:      layout_basic
D:8:      layout_layer_cave
D:9:      layout_rooms, lemuel_round_altar, mainiacjoe_overflow_catwalk,
          makhleb_altar_promises_db, kennysheep_orc_monster_closet_entryway,
          serial_shops, shop, kennysheep_little_box, nicolae_stop_n_shop_2,
          nicolae_shop_behind_doors, st_stairs_10, interstate_on_off
D:10:     layout_irregular_city, amcnicky_altar_gilded, serial_library,
          serial_library_hellmonk_reading_circle,
          serial_library_hellmonk_statue_hall,
          serial_library_hellmonk_big_corner, serial_library_hellmonk_hallway_a,
          serial_library_hellmonk_narrow_alcove,
          serial_library_hellmonk_angled_corner,
          serial_library_hellmonk_filled_rooms, serial_library_hellmonk_room_c,
          serial_library_regret_index_headful
D:11:     layout_cave_pods, due_lair_maze_entry_diamond
D:12:     layout_cross, hangedman_decor_points, wad_mini_maze
D:13:     layout_loops_ring, grunt_vaults_entry_fortified, serial_shops, shop,
          nicolae_sif_muna_condensation
D:14:     lemuel_vampire_tower, layout_rooms, nicolae_sextant
D:15:     hangedman_depths_entry_civil_slaughter, layout_cave_pools,
          nicolae_benzene_ring, grunt_ministairs_3, minmay_misc_feat_room
Temple:   minmay_temple_bridge_d
Lair:1:   layout_small_grid, beast_lair_carwin_11, serial_bayou_shore_b
Lair:2:   layout_chaotic_city, minmay_shoals_entry_beasts,
          minmay_snake_entry_guardpost_small, serial_bayou, serial_bayou_pond_c,
          serial_bayou_shore_a, serial_bayou_crossing, serial_bayou_pond_b,
          serial_bayou_pond_e, grunt_forest_stairs_basic
Lair:3:   layout_chaotic_city
Lair:4:   layout_cave_pods, slime_entry_2, grunt_megastairs_5
Lair:5:   evilmike_catoblepas_cave, layout_misc_corridors,
          gauntlet_entry_generic, gammafunk_ghost_abyssal_escape
Shoals:1: dreamdust_from_the_deep, layout_shoals,
          portal_ice_cave_entry_pillars_2, nicolae_shoals_drake_roost
Shoals:2: nicolae_shoals_aurelia_aurita, layout_shoals, uniq_ilsuiw,
          uniq_polyphemus
Shoals:3: layout_shoals, nicolae_shoals_lost_giant_hut, uniq_louise
Shoals:4: shoals_end_grunt_ice, layout_shoals, nicolae_shoals_undead_eyrie
Snake:1:  nicolae_snake_unarmed_stairs_patrol, layout_onion
Snake:2:  layout_cave_pods, nicolae_snake_the_dead_are_slithering,
          grunt_megastairs_1, uniq_vashnia, uniq_nikola
Snake:3:  layout_honeycomb, grunt_megastairs_3, uniq_aizul, uniq_jorgrun
Snake:4:  snake_pit_salamanders_mu, layout_grid_maze, basic_altar, serial_shops,
          shop, st_stairs_13
Orc:1:    layout_caves, serial_shops, shop, basic_altar, roderic_batcave
Orc:2:    grunt_orc_tribal_feast, layout_diamond_mine, nicolae_orc_lava_room,
          uniq_sonja
Elf:1:    minmay_elf_arrival_summoners, layout_gridlike, serial_shops, shop,
          nicolae_shop_behind_doors, shop, minmay_elf_demonology
Elf:2:    elven_hall_of_blades_hangedman_original
          [nicolae_blade_entry_diamond_columns], layout_onion_city,
          infiniplex_enter_wizlab_water
Elf:3:    elf_hall, layout_loops_cross, nicolae_elf_deep_mausoleum
Vaults:1: hangedman_vaults_hat, nicolae_vaults_cochlea, vaults_room_ringed_pool,
          ontoclasm_vaults_decontamination, vaults_standard_mumra_lines,
          nicolae_vaults_three_branches, nicolae_vaults_alarming,
          hangedman_vaults_maws, nicolae_vaults_more_shelving_1,
          nicolae_vaults_oval_intersection, ontoclasm_vaults_shuriken,
          layout_vaults_omnicross, serial_shops, shop
Vaults:2: nicolae_vaults_trapezoid_lopsided_2, nicolae_vaults_tetromino_L_2,
          v_misc_9, v_misc_10, hangedman_vaults_river_flow, v_misc_4,
          vaults_room_hallway, nicolae_vaults_sightless_eye,
          hangedman_vaults_unwind, nicolae_vaults_offset_grid_hallway_3,
          ontoclasm_vaults_gateway, minmay_crypt_entry_simple_round,
          grunt_vaults_hallway_long, layout_vaults_ring, serial_shops,
          nicolae_shop_crystal
Vaults:3: portal_desolation_entry_twin_temple, vaults_mumra_chevron,
          vaults_mumra_lcd, v_misc_31, vaults_dpeg_doors, v_misc_33,
          lemuel_angel_altar, ontoclasm_vaults_hangar, grunt_vaults_focal,
          ontoclasm_vaults_spin, v_misc_26, ontoclasm_vaults_ring_large,
          v_misc_9, nicolae_vaults_more_shelving_2, layout_vaults_maze,
          serial_shops, bzr_firewalk
Vaults:4: nicolae_vaults_tetromino_L_1, hangedman_vaults_stagger,
          nicolae_vaults_network_square, nicolae_vaults_security_offices_1,
          nicolae_vaults_little_squares_2, nicolae_vaults_specimen_jars,
          nicolae_vaults_trapezoid_layered, nicolae_vaults_lightning_bolt,
          layout_vaults_omnigrid, uniq_donald
Vaults:5
Depths:1: layout_cave_pools, enter_ziggurat_f, hell_entry, abyss_entry,
          nicolae_ashenzari_skybound, worldfamousw_hep_ancestral_shrine
Depths:2: box_level_dp, pan_entry, hell_entry, abyss_entry
Depths:3: minmay_the_grid_triangle_9x9_recursive_3
          [minmay_the_grid_triangle_9x9_stretched_checkered,
          minmay_the_grid_triangle_9x9_fully_insulated_deathbox,
          minmay_the_grid_triangle_9x9_intruding_spiral,
          minmay_the_grid_triangle_9x9_prize_center,
          minmay_the_grid_triangle_9x9_pentomino_pain,
          minmay_the_grid_triangle_9x9_corruption,
          minmay_the_grid_triangle_9x9_longest,
          minmay_the_grid_triangle_9x9_steps,
          minmay_the_grid_triangle_9x9_swiss_cheese], layout_gridlike,
          lightli_too_deep, abyss_entry_flame_altar,
          nicolae_shop_i_like_big_books, minmay_staircase_bubble
Depths:4: grunt_zot_entry_funnels, layout_gridlike, hangedman_tar_grid_catacomb,
          nicolae_abyss_entry_one_way_or_another,
          serial_library_hellmonk_secret_room
Zot:1:    layout_gridlike, lemuel_golem_globe, regret_index_zotdec_banners
Zot:2:    evilmike_crystal_ball_defense, layout_gridlike,
          st_large_dragon_hoard_2
Zot:3:    layout_cellular_growth
Zot:4:    bobbens_index_wilting_gardens, layout_misc_corridors,
          regret_index_zotdec_storm_pass, uniq_tiamat
Zot:5:    layout_onion, st_stairs_1, nicolae_lava_and_water

Skill      XL: |  1  2  3  4  5  6  7  8  9 10 11 12 13 14 15 16 17 18 19 20 21 22 23 24 25 26 27 |
---------------+----------------------------------------------------------------------------------+-----
Dodging        | 3 |  3.9
Long Blades    | 4 5 7 8 10 11 12 14 16 17 18 19 20 21 22 23 24 25 26 27 | 27.0
Armour         | 2 3 4 5 6 7 9 10 11 12 13 14 15 16 17 19 22 25 | 25.4
Fighting       | 3 4 5 6 8 9 10 12 13 15 16 18 19 20 22 23 24 25 27 | 27.0
Short Blades   | 1 2 4 6 7 8 9 12 | 12.7
Throwing       | 2 3 4 |  4.1
Stealth        | 1 2 4 5 6 |  6.3
Evocations     | 1 2 |  2.2
Ranged Weapons | 3 |  3.2

Action                     |  1- 3 |  4- 6 |  7- 9 | 10-12 | 13-15 | 16-18 | 19-21 | 22-24 | 25-27 || total
---------------------------+-------+-------+-------+-------+-------+-------+-------+-------+-------++-------
  Melee: Long sword        |    56 |    93 |    84 |       |       |       |       |       |       ||   233
         Dagger            |    57 |    33 |    93 |   836 |   221 |       |       |       |       ||  1240
         Short sword       |       |    52 |   194 |       |       |       |       |       |       ||   246
         Falchion          |       |       |   215 |   844 |       |       |       |       |       ||  1059
         Double sword      |       |       |       |    26 |   657 |   962 |  1512 |  1307 |  1772 ||  6236
   Fire: Longbow           |       |       |       |       |       |    19 |       |       |       ||    19
  Throw: Dart              |       |     3 |     8 |     1 |    14 |     5 |       |       |       ||    31
         Throwing net      |       |       |       |       |     1 |       |       |       |       ||     1
         Boomerang         |       |       |       |       |       |     2 |       |       |       ||     2
         Javelin           |       |       |       |       |       |     5 |       |       |       ||     5
 Invoke: Heavenly Storm    |       |       |       |       |       |       |       |     1 |     1 ||     2
Ability: Lunge             |       |     1 |    33 |    50 |    76 |    88 |   146 |   116 |   120 ||   630
         Whirlwind         |       |       |       |    15 |    20 |    10 |    20 |    74 |    41 ||   180
         Evoke Blink       |       |       |       |       |     1 |     1 |       |       |       ||     2
         Invent Gizmo      |       |       |       |       |     1 |       |       |       |       ||     1
         Wall Jump         |       |       |       |       |       |       |       |     1 |     3 ||     4
    Use: Scroll            |       |     3 |    17 |     5 |    12 |     7 |     3 |     4 |     9 ||    60
         Potion            |       |       |       |     2 |     2 |       |       |     5 |     8 ||    17
   Stab: Sleeping          |       |     1 |       |       |       |       |       |       |       ||     1
         Distracted        |       |       |     2 |    14 |       |       |       |       |     3 ||    19
         Petrified         |       |       |       |     2 |     5 |       |       |       |       ||     7
         Petrifying        |       |       |       |     2 |     1 |       |       |       |       ||     3
         Held in net/web   |       |       |       |       |     1 |       |       |       |       ||     1
 Armour: Leather armour    |    29 |    10 |       |       |       |       |       |       |       ||    39
         Chain mail        |       |   102 |   134 |       |       |       |       |       |       ||   236
         Crystal plate arm |       |       |    55 |   788 |   403 |   473 |   809 |   531 |  1159 ||  4218
         Scale mail        |       |       |       |       |       |     5 |       |       |       ||     5
  Dodge: Dodged            |    25 |    36 |    62 |    29 |    55 |    90 |   240 |   173 |   260 ||   970
         Repelled          |       |       |       |    13 |    14 |    57 |   113 |    42 |   112 ||   351

Table legend: (Time is in decaauts)
 A = Elapsed time spent in this place.
 B = Non-inter-level travel time spent in this place.
 C = Inter-level travel time spent in this place.
 D = Time resting spent in this place.
 E = Time spent auto-exploring this place.
 F = Levels seen in this place.
 G = Mean time per level.
                   A        B        C        D        E       F      G
               +--------+--------+--------+--------+--------+-----+--------+
         Total |  52823 |  43893 |   8930 |   1413 |  33451 |  53 |  996.7 |
       Dungeon |  16615 |  12238 |   4377 |    565 |   9697 |  15 | 1107.7 |
        Temple |    144 |      2 |    142 |      0 |      0 |   1 |  144.0 |
          Lair |   5098 |   4272 |    826 |    372 |   3257 |   5 | 1019.6 |
        Shoals |   4077 |   3608 |    469 |      0 |   2811 |   4 | 1019.2 |
     Snake Pit |   3946 |   3672 |    274 |     60 |   3015 |   4 |  986.5 |
  Orcish Mines |   1631 |   1113 |    518 |     20 |    767 |   2 |  815.5 |
   Elven Halls |   3307 |   2823 |    484 |     14 |   2132 |   3 | 1102.3 |
        Vaults |   5141 |   4260 |    881 |      0 |   3462 |   5 | 1028.2 |
        Depths |   4550 |   4117 |    433 |     22 |   3282 |   4 | 1137.5 |
           Zot |   5914 |   5391 |    523 |    319 |   3874 |   5 | 1182.8 |
         Abyss |    241 |    241 |      0 |     12 |      0 |   1 |  241.0 |
        Bazaar |     78 |     78 |      0 |      0 |     34 |   1 |   78.0 |
      Ice Cave |   1171 |   1171 |      0 |      5 |    692 |   1 | 1171.0 |
        Wizlab |    490 |    490 |      0 |     23 |    264 |   1 |  490.0 |
      Gauntlet |    413 |    413 |      0 |      0 |    160 |   1 |  413.0 |
               +--------+--------+--------+--------+--------+-----+--------+

Top non-repeatable levels by time:
   Zot:4: 1712 daAuts
     D:8: 1651 daAuts
Depths:2: 1539 daAuts
Vaults:3: 1529 daAuts
     D:6: 1523 daAuts
     D:9: 1518 daAuts
     D:7: 1487 daAuts
Depths:3: 1459 daAuts
    D:10: 1440 daAuts
Shoals:1: 1415 daAuts
  Lair:1: 1405 daAuts
   Zot:2: 1373 daAuts
    D:11: 1363 daAuts
   Elf:3: 1328 daAuts
 Snake:4: 1311 daAuts
